 Dungeon Crawl Stone Soup version 0.28-a0-1286-g6bde065e89 (webtiles) character file.

Game seed: 10767408298403867215

8 Iscandelvey the Vexing (level 2, 21/21 HPs)
             Began as a Demonspawn Arcane Marksman on Dec 26, 2021.
             Quit the game on level 1 of the Dungeon.
             The game lasted 00:00:09 (284 turns).

Iscandelvey the Vexing (Demonspawn Arcane Marksman)  Turns: 284, Time: 00:00:10

Health: 21/21      AC:  2    Str: 10    XL:     2   Next: 0%
Magic:  3/3        EV: 12    Int: 14    God:
Gold:   18         SH:  0    Dex: 13    Spells: 2/3 levels left

rFire   . . .      SeeInvis .   a - +0 hunting sling
rCold   . . .      Faith    .   (no shield)
rNeg    . . .      Spirit   .   d - +0 robe
rPois   .          Reflect  .   (helmet restricted)
rElec   .          Harm     .   (no cloak)
rCorr   .          Rampage  .   (no gloves)
Will    .....                   (no boots)
Stlth   +.........              (no amulet)
HPRegen 0.07/turn               (no ring)
MPRegen 0.08/turn               (no ring)

@: no status effects
A: antennae 1
a: no special abilities


You were on level 1 of the Dungeon.
You visited 1 branch of the dungeon, and saw 1 of its levels.

You collected 18 gold pieces.

Inventory:

Hand Weapons
 a - a +0 hunting sling (weapon)
Missiles
 b - 29 stones
 c - 16 sling bullets (quivered ammo)
Armour
 d - a +0 robe (worn)
Jewellery
 e - a ring of flight
Scrolls
 g - a scroll of amnesia {unknown}
Potions
 f - a potion of mutation {unknown}


   Skills:
 + Level 1.2 Fighting
 + Level 1.9 Slings
 + Level 1.9 Dodging
 + Level 1.2 Spellcasting
 + Level 3.1 Hexes


You had 2 spell levels left.
You knew the following spells:

 Your Spells              Type           Power      Damage    Failure   Level
a - Slow                  Hex            36%        N/A       7%          1

Your spell library contained the following spells:

 Spells                   Type           Power      Damage    Failure   Level
 Inner Flame              Hex/Fire       5%         N/A       38%         3
 Portal Projectile        Hex/Tloc       10%        N/A       38%         3
 Cause Fear               Hex            4%         N/A       56%         4


Dungeon Overview and Level Annotations

Branches:
Dungeon (1/15)

Altars:


Innate Abilities, Weirdness & Mutations

You have a pair of small antennae on your head.


Message History

The bat hits you.
A bat is nearby!
You shoot a sling bullet. The sling bullet hits the bat!
You kill the bat!
c - 14 sling bullets (gained 1)
c - 15 sling bullets (gained 1)
There is an open door here.
c - 16 sling bullets (gained 1)
c - 17 sling bullets (gained 1)
There is an open door here.
A ball python comes into view.
You shoot a sling bullet. The sling bullet hits the ball python.
The ball python hisses angrily.
The ball python is moderately wounded.
A ball python is nearby!
You shoot a sling bullet. The sling bullet hits the ball python!
You kill the ball python!
c - 16 sling bullets (gained 1)
You see here a ball python corpse.
No target in view!
c - 17 sling bullets (gained 1)
Found a club.
No target in view!
A kobold comes into view. It is wielding a +0 club.
Found a stone staircase leading down.
The kobold shouts!
The kobold throws a stone.
The stone hits you.
You shoot a sling bullet. The sling bullet hits the kobold.
You kill the kobold!
HP restored.
c - 17 sling bullets (gained 1);
b - 29 stones (gained 1)
You see here a +0 club.
You open the large door.
A kobold comes into view. It is wielding a +0 club.
You shoot a sling bullet. The sling bullet hits the kobold!
You kill the kobold!
You have reached level 2!
Your demonic ancestry asserts itself...
A pair of antennae grows on your head!
Are you sure you want to abandon this character and quit the game? (Confirm with "yes".)

### #######
.....##.....###
#####
..(..''@....+.#
#....
.....##..).)#.#
##### #..
#.....#.# ## #
##.....#.### ##.
.>..........# ##..
#.#######.###
###... #.
#.#####....# #
#######.##..†...##
...............##


There were no monsters in sight!

Vanquished Creatures
  A ball python (D:1)
  An endoplasm (D:1)
  A quokka (D:1)
  A bat (D:1)
  4 kobolds (D:1)
8 creatures vanquished.

Notes
Turn   | Place    | Note
-------+----------+-------------------------------------------
     0 | D:1      | Iscandelvey the Demonspawn Arcane Marksman began the quest
                  | for the Orb.
     0 | D:1      | Reached XP level 1. HP: 15/15 MP: 2/2
   284 | D:1      | Gained mutation: You have a pair of small antennae on your
                  | head. [demonic ancestry]
   284 | D:1      | Reached XP level 2. HP: 21/21 MP: 3/3
   284 | D:1      | Quit the game

Illustrated notes

Levels and vault maps discovered:
D:1:      lightli_arrival_isolated_outpost, layout_basic,
          shapermc_ecumenical_altar_ellora, serial_curves, eino_curves_04,
          eino_curves_02, minmay_pentomino_t2

Action                   || total
-------------------------++-------
 Fire: Hunting sling     ||    15
Dodge: Dodged            ||     2

Table legend: (Time is in decaauts)
 A = Elapsed time spent in this place.
 B = Non-inter-level travel time spent in this place.
 C = Inter-level travel time spent in this place.
 D = Time resting spent in this place.
 E = Time spent auto-exploring this place.
 F = Levels seen in this place.
 G = Mean time per level.
                   A        B        C        D        E       F      G
               +--------+--------+--------+--------+--------+-----+--------+
         Total |    290 |    290 |      0 |      0 |    249 |   1 |  290.0 |
       Dungeon |    290 |    290 |      0 |      0 |    249 |   1 |  290.0 |
               +--------+--------+--------+--------+--------+-----+--------+

Top non-repeatable levels by time:
     D:1: 290 daAuts
